 Dungeon Sprint DCSS version 0.28-a0-794-gafe8c5f9e9 (webtiles) character file.

Game seed: 14336760816829750299

1092 mhtbhm the Protected (level 8, -2/80 HPs)
             Began as a Minotaur Fighter on Nov 6, 2021.
             Was a Believer of Okawaru.
             Slain by a catoblepas (3 damage)
             ... while petrified by a catoblepas
             ... in the Dungeon (Sprint IX: "|||||||||||||||||||||||||||||").
             The game lasted 00:01:49 (409 turns).

mhtbhm the Protected (Minotaur Fighter)              Turns: 409, Time: 00:01:50

Health: -2/80      AC: 18    Str: 24    XL:     8   Next: 9%
Magic:  11/11      EV:  2    Int:  5    God:    Okawaru [**....]
Gold:   0          SH:  0    Dex:  9    Spells: 7/7 levels left

rFire   + . .      SeeInvis .   a - +0 flail
rCold   . . .      Faith    .   c - +0 buckler
rNeg    + + +      Spirit   .   b - +1 chain mail {rF+}
rPois   ∞          Reflect  .   (helmet restricted)
rElec   .          Harm     .   (no cloak)
rCorr   .          Rampage  .   n - +0 pair of gloves
Will    .....      NoTele   +   (no boots)
Stlth   ..........              (no amulet)
HPRegen 0.23/turn               o - +2 ring of protection
MPRegen 0.12/turn               p - +2 ring of protection

@: petrified
A: horns 2, retaliatory headbutt
a: Renounce Religion, Heroism


You were in the Dungeon.
You worshipped Okawaru.
Okawaru was pleased with you.
You visited 1 branch

Inventory:

Hand Weapons
 a - a +0 flail (weapon)
Armour
 b - a +1 chain mail of fire resistance (worn)
 c - a +0 buckler (worn)
 n - a +0 pair of gloves (worn)
Jewellery
 o - a +2 ring of protection (left hand)
 p - a +2 ring of protection (right hand)
Wands
 m - a wand of acid (6)
Scrolls
 l - 2 scrolls of amnesia
Potions
 e - 5 potions of curing
 g - a potion of haste
 h - 4 potions of magic


   Skills:
 + Level 10.4 Fighting
 + Level 10.2 Maces & Flails
 + Level 10.8 Armour
 + Level 3.2 Dodging
 + Level 0.8 Stealth
 + Level 9.5 Shields
 * Level 6.3 Invocations
 + Level 1.4 Evocations


You had 7 spell levels left.
You didn't know any spells.
Your spell library was empty.

Dungeon Overview and Level Annotations

Branches:
Dungeon (1/1)

Altars:
Cheibriados
Dithmenos
Elyvilon
Fedhas
Gozag
Hepliaklqana
Kikubaaqudgha
Makhleb
Nemelex Xobeh
Okawaru
Qazlal
Ru
Sif Muna
Trog
Uskayaw
Vehumet
Wu Jian
Xom
Yredelemnul
Zin
The Shining One
Beogh
Jiyva
Lugonu


Innate Abilities, Weirdness & Mutations

You have a pair of horns on your head.
You reflexively headbutt those who attack you in melee.


Message History

Unknown command.
You hit the catoblepas but do no damage.
You headbutt the catoblepas.
The catoblepas is almost dead.
You are engulfed in calcifying dust.
The catoblepas breathes a plume of calcifying dust at you.
The blast of calcifying dust hits you but does no damage.
Unknown command.
You hit the catoblepas but do no damage.
The catoblepas is almost dead.
You are engulfed in calcifying dust.
You are slowing down.
The catoblepas gores you.
You hit the catoblepas. You headbutt the catoblepas.
The catoblepas is almost dead.
You are engulfed in calcifying dust.
The catoblepas closely misses you.
The catoblepas breathes a plume of calcifying dust at you.
The blast of calcifying dust hits you!
Your limbs are stiffening.
Unknown command.
You barely miss the catoblepas.
The catoblepas is almost dead.
The catoblepas breathes a plume of calcifying dust at you.
The blast of calcifying dust hits you but does no damage.
You have turned to stone.
You are engulfed in calcifying dust.
The catoblepas gores you but does no damage.
You are engulfed in calcifying dust.
The catoblepas gores you!
You are engulfed in calcifying dust.
The catoblepas gores you!!
* * * LOW HITPOINT WARNING * * *
You are engulfed in calcifying dust.
The catoblepas gores you.
* * * LOW HITPOINT WARNING * * *
Your magical contamination has completely faded away.
You are engulfed in calcifying dust.
The catoblepas gores you!!
* * * LOW HITPOINT WARNING * * *
You are engulfed in calcifying dust.
The catoblepas gores you!!
* * * LOW HITPOINT WARNING * * *
The catoblepas breathes a plume of calcifying dust at you.
The blast of calcifying dust hits you but does no damage.
You are engulfed in calcifying dust.
The catoblepas gores you.
You die... ▓▓▓▓▓▓▓▓▓▓▓▓▓▓▓▓▓▓▓▓▓▓▓▓▓▓▓▓▓▓▓ _______'..).)[§§@YuQD{..§.YuQoD ▓▓▓▓▓▓▓▓▓▓▓▓▓▓▓▓▓▓▓▓▓▓▓▓▓▓▓▓▓▓▓

You could see a catoblepas, an eight-headed hydra, a brown ugly thing and a tengu warrior.

Vanquished Creatures
  A gargoyle (D)
  A vampire (D)
  A wyvern (D)
  A yak (D)
  2 orc warriors (D)
  A black bear (D)
  A hound (D)
  An orc wizard (D)
  An ufetubus (D)
  A dart slug (D)
  A bat skeleton (D)
  2 endoplasms (D)
  2 goblins (D)
  A quokka (D)
17 creatures vanquished.

Notes
Turn   | Place    | Note
-------+----------+-------------------------------------------
     0 | D        | mhtbhm the Minotaur Fighter began the quest for the Orb.
     0 | D        | Reached XP level 1. HP: 19/19 MP: 0/0
    83 | D        | Noticed a hound
    83 | D        | Noticed a black bear
    85 | D        | Killed a hound
    86 | D        | Reached skill level 5 in Fighting
    86 | D        | Reached skill level 5 in Armour
    86 | D        | Reached skill level 5 in Shields
    86 | D        | Reached XP level 2. HP: 25/29 MP: 1/1
    86 | D        | Reached XP level 3. HP: 31/36 MP: 2/2
    90 | D        | Killed a black bear
    91 | D        | Reached XP level 4. HP: 31/45 MP: 3/3
    93 | D        | Reached skill level 5 in Maces & Flails
   105 | D        | Found a snail-covered altar of Cheibriados.
   105 | D        | Found a shadowy altar of Dithmenos.
   105 | D        | Found a white marble altar of Elyvilon.
   105 | D        | Found a blossoming altar of Fedhas.
   105 | D        | Found an opulent altar of Gozag.
   106 | D        | Found a hazy altar of Hepliaklqana.
   107 | D        | Found a viscous altar of Jiyva.
   108 | D        | Found an ancient bone altar of Kikubaaqudgha.
   109 | D        | Found a corrupted altar of Lugonu.
   110 | D        | Found a burning altar of Makhleb.
   111 | D        | Found a sparkling altar of Nemelex Xobeh.
   112 | D        | Found an iron altar of Okawaru.
   113 | D        | Found a stormy altar of Qazlal.
   114 | D        | Found a sacrificial altar of Ru.
   115 | D        | Found a shimmering blue altar of Sif Muna.
   116 | D        | Found a bloodstained altar of Trog.
   117 | D        | Found a hide-covered altar of Uskayaw.
   118 | D        | Found a radiant altar of Vehumet.
   119 | D        | Found an ornate altar of the Wu Jian Council.
   120 | D        | Became a worshipper of Warmaster Okawaru
   121 | D        | Found a shimmering altar of Xom.
   122 | D        | Found a basalt altar of Yredelemnul.
   123 | D        | Found a glowing silver altar of Zin.
   124 | D        | Found a glowing golden altar of the Shining One.
   171 | D        | Noticed a yak
   171 | D        | Noticed a wyvern
   171 | D        | Noticed a vampire
   171 | D        | Noticed an orc warrior
   171 | D        | Noticed an orc warrior
   175 | D        | Reached skill level 1 in Invocations
   175 | D        | Reached XP level 5. HP: 52/52 MP: 4/4
   178 | D        | Killed a yak
   178 | D        | Reached * piety under Okawaru
   179 | D        | Reached skill level 1 in Dodging
   179 | D        | Reached XP level 6. HP: 62/62 MP: 4/7
   181 | D        | Killed a wyvern
   197 | D        | Killed a vampire
   198 | D        | Reached skill level 5 in Invocations
   198 | D        | Reached XP level 7. HP: 45/70 MP: 6/9
   198 | D        | Reached ** piety under Okawaru
   199 | D        | Reached skill level 10 in Armour
   203 | D        | Reached skill level 10 in Fighting
   203 | D        | Reached skill level 1 in Evocations
   341 | D        | Noticed a gargoyle
   341 | D        | Noticed a catoblepas
   341 | D        | Noticed a brown ugly thing
   341 | D        | Noticed a tengu warrior
   341 | D        | Noticed an eight-headed hydra
   391 | D        | Killed a gargoyle
   392 | D        | Reached skill level 10 in Maces & Flails
   392 | D        | Reached XP level 8. HP: 22/80 MP: 11/11
   407 | D        | HP: 1/80 [catoblepas (12)]
   409 | D        | Slain by a catoblepas

Illustrated notes

Levels and vault maps discovered:
D:        linesprint [early_d, line_temple, items_1, d_10, items_2, lair_1,
          lair_end, items_3, orc_1, orc_end, items_4, d_15, swamp_1, shoals_1,
          snake_1, spider_1, d_20, vaults_1, items_5, swamp_end, shoals_end,
          snake_end, spider_end, vaults_end, d_27, items_6, zot_1, zot_end,
          crypt_end, forest_end, elf_end, slime_end, tomb_end, abyss_end,
          pan_hell_end]

Skill      XL: |  1  2  3  4  5  6  7 |
---------------+----------------------+-----
Fighting       | 5 6 7 8 9 10 | 10.4
Armour         | 5 7 8 9 10 | 10.8
Shields        | 5 7 8 9 |  9.5
Maces & Flails | 3 4 5 7 8 10 | 10.2
Invocations    | 1 3 5 6 |  6.3
Dodging        | 1 2 3 |  3.2
Evocations     | 1 |  1.4
Stealth        | |  0.8

Action                   |  1- 3 |  4- 6 |  7- 9 || total
-------------------------+-------+-------+-------++-------
Melee: Flail             |    21 |    24 |    30 ||    75
       Headbutt          |     4 |     4 |     9 ||    17
Evoke: Wand              |       |     3 |     1 ||     4
  Use: Potion            |       |     3 |     3 ||     6
       Scroll            |       |     1 |     1 ||     2
 Stab: Invisible         |       |       |     2 ||     2
Armor: Scale mail        |    10 |     5 |       ||    15
       Chain mail        |       |     9 |    17 ||    26
Dodge: Dodged            |     9 |     5 |     8 ||    22
Block: Buckler           |     7 |     6 |     4 ||    17

Table legend: (Time is in decaauts)
 A = Elapsed time spent in this place.
 B = Non-inter-level travel time spent in this place.
 C = Inter-level travel time spent in this place.
 D = Time resting spent in this place.
 E = Time spent auto-exploring this place.
 F = Levels seen in this place.
 G = Mean time per level.
                   A        B        C        D        E       F      G
               +--------+--------+--------+--------+--------+-----+--------+
         Total |    422 |    422 |      0 |    180 |      3 |   1 |  422.0 |
       Dungeon |    422 |    422 |      0 |    180 |      3 |   1 |  422.0 |
               +--------+--------+--------+--------+--------+-----+--------+

Top non-repeatable levels by time:
       D: 422 daAuts
